 Dungeon Crawl Stone Soup version 0.30-a0-694-g3340775977 (webtiles) character file.

Game seed: 4625637619003775779

147 Rrauwl the Cudgeller (level 5, -7/53 HPs)
             Began as a Troll Monk on Jan 20, 2023.
             Killed by nerve-wracking pain
             ... invoked by Grinder
              (13 damage)
             ... on level 3 of the Dungeon.
             The game lasted 00:04:58 (1757 turns).

Rrauwl the Cudgeller (Troll Monk)                   Turns: 1757, Time: 00:04:58

Health: -7/53      AC:  5    Str: 21    XL:     5   Next: 8%
Magic:  4/4        EV: 25    Int:  6    God:
Gold:   133        SH:  0    Dex: 12    Spells: 4/4 levels left

rFire   . . .      SeeInvis .    a - +0 mace
rCold   . . .      Faith    .    (no shield)
rNeg    . . .      Spirit   .    b - +1 robe
rPois   .          Reflect  .    (helmet restricted)
rElec   .          Harm     .    (no cloak)
rCorr   .          Rampage  .    (gloves unavailable)
Will    .....                    (boots unavailable)
Stlth   ++                       f - amulet of the acrobat
HPRegen 1.08/turn                (no ring)
MPRegen 0.09/turn                (no ring)

@: acrobatic
A: large, unfitting armour, claws 3, regeneration 1, shaggy fur 1, tough skin 1
a: no special abilities


You were on level 3 of the Dungeon.
You visited 1 branch of the dungeon, and saw 3 of its levels.

You collected 133 gold pieces.

Inventory:

Hand Weapons
 a - a +0 mace (weapon)
Armour
 b - a +1 robe (worn)
Jewellery
 f - an amulet of the acrobat (around neck)
 g - a ring of magical power
Wands
 h - a wand of flame (3)
Scrolls
 e - a scroll of teleportation
Potions
 c - a potion of attraction


   Skills:
 - Level 3.0 Fighting
 + Level 4.5 Maces & Flails
 - Level 3.0 Dodging
 - Level 1.0 Stealth


You had 4 spell levels left.
You didn't know any spells.
Your spell library was empty.

Dungeon Overview and Level Annotations

Branches:
Dungeon (3/15)

Altars:

Annotations:
D:3 Grinder


Innate Abilities, Weirdness & Mutations

You are too large for most types of armour.
You have claws for hands.
Your natural rate of healing is unusually fast.
You are covered in fur. (AC +1)
You have tough skin. (AC +1)


Message History

* * * LOW HITPOINT WARNING * * *
You feel better. The orc completely misses you. Grinder hits you.
* * * LOW HITPOINT WARNING * * *
You writhe in agony.
* * * LOW HITPOINT WARNING * * *
The orc hits you with a +0 hand axe.
* * * LOW HITPOINT WARNING * * *
The orc shouts!
You hit Grinder.
Grinder is severely wounded.
The orc closely misses you.
An orc comes into view. It is wielding a +0 mace.
The orc hits you but does no damage.
Grinder blinks!
You sock the orc!
The orc is almost dead.
The orc hits you but does no damage. Grinder gestures at you.
You resist with significant effort. The orc hits you with a +0 hand axe.
* * * LOW HITPOINT WARNING * * *
An orc wizard comes into view. It is wielding a +0 dagger.
You hit the orc.
You kill the orc!
The orc closely misses you.
You hit the orc.
The orc is moderately wounded.
The orc hits you but does no damage.
You closely miss the orc.
The orc is moderately wounded.
An endoplasm comes into view.
The orc misses you. Grinder hits you.
* * * LOW HITPOINT WARNING * * *
You writhe in agony.
* * * LOW HITPOINT WARNING * * *
The orc hits you but does no damage. Grinder attacks as you move away!
Grinder misses you. The orc wizard casts a spell at you.
The puff of flame misses you. Grinder gestures at you.
Pain shoots through your body!
You die...

...# ###### ### .>#####....#
#... #....##....#
#...###.##.......#
#.........##.....#
..........###.†@.###
#.....†...##.5.o...#
#...†..#........#
#.......o.......#############
####....oo.##................
#....)####################
.......#....# ....<#.#.##.#
###### ...# #.#.##.#
########.....


You could see Grinder, an orc wizard and 3 orcs.

Vanquished Creatures
  Terence (D:3)
  An iguana (D:3)
  4 adders
  A dart slug (D:1)
  An orc (D:3)
  7 bats
  3 endoplasms
  3 giant cockroaches
  5 hobgoblins
  7 jackals (D:1)
  4 kobolds
  2 quokkas
  4 ball pythons
  2 frilled lizards
  2 goblins
  9 rats
56 creatures vanquished.

Notes
Turn   | Place    | Note
-------+----------+-------------------------------------------
     0 | D:1      | Rrauwl the Troll Monk began the quest for the Orb.
     0 | D:1      | Reached XP level 1. HP: 22/22 MP: 0/0
   212 | D:1      | Reached XP level 2. HP: 29/29 MP: 1/1
   342 | D:1      | Reached skill level 3 in Maces & Flails
   728 | D:1      | Reached XP level 3. HP: 36/36 MP: 2/2
  1390 | D:3      | Reached XP level 4. HP: 45/45 MP: 3/3
  1462 | D:3      | Noticed Terence
  1507 | D:3      | Killed Terence
  1508 | D:3      | Reached skill level 4 in Maces & Flails
  1716 | D:3      | Noticed Grinder
  1724 | D:3      | Reached XP level 5. HP: 53/53 MP: 4/4
  1753 | D:3      | HP: 1/53 [Grinder (4)]
  1757 | D:3      | Killed from afar by Grinder

Illustrated notes

Levels and vault maps discovered:
D:1:      dpeg_arrival_tiny_a, layout_loops_ring
D:2:      minmay_door_path, layout_rooms
D:3:      layout_basic, hex_large, uniq_sigmund, uniq_terence, uniq_grinder

Skill      XL: |  1  2  3  4 |
---------------+-------------+-----
Maces & Flails | 3 4 |  4.5
Fighting       | 3 |  3.0
Dodging        | 3 |  3.0
Stealth        | |  1.0

Action                   |  1- 3 |  4- 6 || total
-------------------------+-------+-------++-------
Melee: Mace              |   108 |    64 ||   172
       Punch             |     1 |     1 ||     2
  Use: Scroll            |     7 |       ||     7
       Potion            |     5 |     2 ||     7
 Stab: Sleeping          |     7 |     1 ||     8
Armor: Robe              |    55 |    19 ||    74
Dodge: Dodged            |    68 |    58 ||   126

Table legend: (Time is in decaauts)
 A = Elapsed time spent in this place.
 B = Non-inter-level travel time spent in this place.
 C = Inter-level travel time spent in this place.
 D = Time resting spent in this place.
 E = Time spent auto-exploring this place.
 F = Levels seen in this place.
 G = Mean time per level.
                   A        B        C        D        E       F      G
               +--------+--------+--------+--------+--------+-----+--------+
         Total |   1810 |   1795 |     15 |    143 |   1211 |   3 |  603.3 |
       Dungeon |   1810 |   1795 |     15 |    143 |   1211 |   3 |  603.3 |
               +--------+--------+--------+--------+--------+-----+--------+

Top non-repeatable levels by time:
     D:1: 799 daAuts
     D:2: 594 daAuts
     D:3: 415 daAuts
